cohdb
Replays
Latest Replays
All Replays
Popular Replays
Top Player Replays
Match Explorer
How It Works
Community
CoH3 Stats
Reddit
Sign in to upload your games and track your stats! →
Sign in with Steam
Match 43043020
Unlisted
Match 43043020
Overview
Messages
Build Orders
End
Construct Barracks
Riflemen Squad
Selects Special Operations Battlegroup
Selects M29 Weasel Recon Vehicle
Selects M29 Weasel Recon Vehicle
M29 Weasel Recon Vehicle
Riflemen Squad
Engineer Squad
Air Support Center
Riflemen Squad
.30 cal Machine Gun
.30 cal Machine Gun
Grenade Package
P-47 Dive Bomb
.30 cal Machine Gun
Selects Smoke Screen
Construct Tank Depot
Grasshopper Recon Run
Selects SSF Commando Squad
SSF Commando Squad
Smoke Screen
P-47 Dive Bomb
Selects Mark Vehicle
P-47 Strafing Run
M4A1 Sherman Medium Tank
Heinz Desvírgensen
Vryru
Blacksmith
Genki
0
0
Comments
sign in to comment!
No comments posted yet!